 Dungeon Crawl Stone Soup version 0.31-a0-1612-g4aaf141 (webtiles) character file.

Game seed: 12886854210614857910

9383 PublicAnimeNo1 the Martial Artist (level 11, -16/81 HPs)
             Began as a Demonspawn Alchemist on Jan 9, 2024.
             Was a High Priest of Lugonu.
             Killed from afar by an acid dragon (31 damage)
             ... with a splash of acid
             ... on level 10 of the Dungeon.
             The game lasted 00:19:44 (10782 turns).

PublicAnimeNo1 the Martial Artist (DsAl)           Turns: 10782, Time: 00:19:44

Health: -16/81     AC: -3    Str: 13    XL:     11   Next: 22%
Magic:  0/26       EV: 14    Int: 20    God:    Lugonu [*****.]
Gold:   580        SH:  0    Dex: 14    Spells: 14/19 levels left

rFire   + . .        m - +9 whip "Beastbane" {spect, Will++ MP+9 Str+3}
rCold   . . .        (no shield)
rNeg    . . .        J - +0 leather armour {rF+}
rPois   +            k - +0 helmet
rElec   .            (no cloak)
rCorr   .            (no gloves)
SInv    .            F - +0 pair of boots
Will    ++...        n - amulet of faith
Stlth   ++           D - ring of poison resistance
HPRegen 0.33/turn    (no ring)
MPRegen 0.40/turn

%: guardian spirit, faith
@: corroded
A: claws 2, powered by death 1, magic shield, magic regeneration, big brain 1
a: Renounce Religion, Depart the Abyss, Banish, Corrupt, Enter the Abyss


You were on level 10 of the Dungeon.
You worshipped Lugonu.
Lugonu was extremely pleased with you.
You visited 1 branch of the dungeon, and saw 10 of its levels.
You also visited: Sewer.

You collected 670 gold pieces.
You spent 90 gold pieces at shops.

Inventory:

Hand Weapons
 d - a +0 war axe
 e - a +0 dagger
 m - the +9 whip "Beastbane" (weapon) {spect, Will++ MP+9 Str+3}
   (You found it on level 3 of the Dungeon)

   Str+3:     It affects your strength (+3).
   Will++:    It greatly increases your willpower.
   MP+9:      It affects your magic capacity (+9).
Missiles
 f - 2 throwing nets
Armour
 k - a +0 helmet (worn)
 F - a +0 pair of boots (worn)
 J - a +0 leather armour of fire resistance (worn)
Jewellery
 n - an amulet of faith (around neck)
 o - a ring of protection from fire
 C - a ring of flight
 D - a ring of poison resistance (left claw)
Talismans
 z - a beast talisman
Wands
 v - a wand of digging (5)
 G - a wand of iceblast (11)
Scrolls
 c - a scroll of fog {unknown}
 g - 2 scrolls of enchant weapon
 i - 2 scrolls of teleportation
 l - a scroll of vulnerability
 r - 3 scrolls of enchant armour
 u - 3 scrolls of fear
 w - a scroll of blinking
 A - a scroll of revelation
Potions
 a - a potion of might {unknown}
 b - 2 potions of magic
 h - 2 potions of heal wounds
 j - a potion of invisibility
 q - a potion of resistance
 s - a potion of haste
 t - a potion of curing
 B - a potion of brilliance
 H - 2 potions of mutation
Miscellaneous
 p - a phantom mirror


   Skills:
 + Level 6.1 Fighting
 + Level 6.2 Dodging
 - Level 1.7 Stealth
 + Level 10.6 Unarmed Combat
 + Level 4.6 Spellcasting
 - Level 1.0 Conjurations
 - Level 9.4 Alchemy
 + Level 7.2 Invocations


You had 14 spell levels left.
You knew the following spells:

 Your Spells              Type           Power      Damage    Failure   Level
a - Sting                 Conj/Alch      100%       1d9       1%          1
b - Olgreb's Toxic Radia  Alch           42%        N/A       3%          4

Your spell library contained the following spells:

 Spells                   Type           Power      Damage    Failure   Level
 Mercury Vapours          Alch/Air       46%        N/A       3%          2
 Mephitic Cloud           Conj/Alch/Air  18%        N/A       11%         3
 Summon Small Mammal      Summ           16%        N/A       16%         1
 Sticky Flame             Fire/Alch      23%        2d6       22%         4
 Call Canine Familiar     Summ           4%         N/A       43%         3
 Tukima's Dance           Hex            4%         N/A       43%         3
 Iskenderun's Mystic Bla  Conj/Tloc      6%         2d4       77%         4
 Dimensional Bullseye     Hex/Tloc       2%         N/A       83%         4
 Summon Blazeheart Golem  Fire/Summ      4%         N/A       83%         4


Dungeon Overview and Level Annotations

Branches:
Dungeon (10/15)            Temple (0/1) D:5            Lair (0/5) D:10
  Sewer (visited)
    Orc: D:9-12

Altars:
Ashenzari
Cheibriados
Dithmenos
Fedhas
Gozag
Kikubaaqudgha
Makhleb
Okawaru
Qazlal
Trog
Uskayaw
Lugonu

Shops:
D:3 (   D:10 [

Annotations:
D:6 3 runed translucent doors, Taxman1966's ghost, novice MiFi
D:7 1 transporter, PidgeyThePirate's ghost, novice DsCK
Abyss:1 Psyche


Innate Abilities, Weirdness & Mutations

You have very sharp fingernails.
You regenerate a little health from kills.
When hurt, damage is shared between your health and your magic reserves.
You regenerate magic rapidly.
You have an unusually large brain. (Int +2)


Message History

You hit the acid dragon. You claw the acid dragon.
The acid dragon is moderately wounded.
The acid dragon spits acid at you. The splash of acid hits you!!
The acid corrodes you!
You closely miss the acid dragon.
The acid dragon is moderately wounded.
The acid dragon barely misses you. The acid dragon closely misses you.
You hit the acid dragon.
The acid dragon is heavily wounded.
The acid dragon bites you! The acid dragon misses you.
You hit the acid dragon.
The acid dragon is heavily wounded.
The acid dragon bites you. The acid dragon misses you.
The acid dragon barely misses you. The acid dragon misses you.
As you open the door, it creaks loudly! The acid dragon bites you!
The acid dragon closely misses you.
There is an open door here.
The acid dragon spits acid at you. The splash of acid hits you!!
* * * LOW HITPOINT WARNING * * *
The acid corrodes you!
You feel much better.
You hit the acid dragon but do no damage.
The acid dragon is heavily wounded.
Your +9 whip "Beastbane" {spect, Will++ MP+9 Str+3} completely misses the acid dragon.
The acid dragon bites you!
* * * LOW HITPOINT WARNING * * *
The acid dragon claws you.
* * * LOW HITPOINT WARNING * * *
You closely miss the acid dragon. Your claw misses the acid dragon.
The acid dragon is heavily wounded.
Your +9 whip "Beastbane" {spect, Will++ MP+9 Str+3} closely misses the acid dragon.
The acid dragon spits acid at you. The splash of acid misses you.
You hit the acid dragon but do no damage.
The acid dragon is heavily wounded.
Your +9 whip "Beastbane" {spect, Will++ MP+9 Str+3} hits the acid dragon but does no damage.
The acid dragon spits acid at you. The splash of acid hits you!!
You die...

.........# #..........# ##.#.....
.........####'###+###'###..'....#
.........##..#.......#..#.##....#
.........##..#.......#..#.####'##
########..+..'###+###'..+.# #.#
....## ####..#.'...'.#..#.# ##.#
#.#..# ###..#.#...#.#..#.# #..#
#.##.# ##.'##+.#._.#.+##'.###.###
..##.# #..#..#.#@..#.#..####....#
###..###.##..#.D(..+.#..####....#
..........+..'###+###+..'.......#
#.#########..#.......#..####....#
### #..#.......#..# #....#
###+###+###+### ######


You could see an acid dragon (catching breath) and a friendly +9 whip
"Beastbane" {spect, Will++ MP+9 Str+3}.

Vanquished Creatures
  Gastronok (D:9)
  An unseen horror (D:10)
  A hornet (D:9)
  3 yaks (D:10)
  3 wyverns
  2 steam dragons
  Menkaure (D:6)
  5 water moccasins
  2 acid dragons (D:8)
  3 orc warriors
  6 black bears
  An ogre (D:6)
  4 centaurs
  2 phantoms
  6 kobold brigands
  2 bullfrogs
  A gnoll sergeant (D:8)
  A scorpion (D:5)
  3 wights (D:8)
  A killer bee (D:8)
  6 howler monkeys
  2 bombardier beetles
  2 jellies
  6 orc priests
  A gnoll bouda (D:7)
  3 iguanas
  A sleepcap (D:7)
  7 orc wizards
  Robin (D:3)
  5 adders
  12 gnolls
  A shadow imp (D:7)
  2 white imps (D:5)
  A dart slug (D:1)
  4 ribbon worms
  19 orcs
  9 ball pythons
  8 bats
  8 endoplasms
  4 giant cockroaches
  20 goblins
  5 hobgoblins
  15 jackals
  7 quokkas
  3 frilled lizards
  26 kobolds
  9 rats
236 creatures vanquished.

Vanquished Creatures (others)
  A spectral weapon (D:9)
1 creature vanquished.

Grand Total: 237 creatures vanquished

Notes
Turn   | Place    | Note
-------+----------+-------------------------------------------
     0 | D:1      | PublicAnimeNo1 the Demonspawn Alchemist began the quest for
                  | the Orb.
     0 | D:1      | Reached XP level 1. HP: 13/13 MP: 3/3
   167 | D:1      | Gained mutation: You regenerate a little health from kills.
                  | [demonic ancestry]
   167 | D:1      | Reached XP level 2. HP: 19/19 MP: 3/5
   511 | D:1      | Gained mutation: You have sharp fingernails. [demonic
                  | ancestry]
   511 | D:1      | Reached XP level 3. HP: 24/24 MP: 3/6
  1644 | D:2      | Reached skill level 1 in Fighting
  1644 | D:2      | Gained mutation: You regenerate magic rapidly. [demonic
                  | ancestry]
  1644 | D:2      | Reached XP level 4. HP: 31/32 MP: 4/7
  1720 | D:2      | Reached skill level 1 in Unarmed Combat
  2130 | D:3      | Found a snail-covered altar of Cheibriados.
  2164 | D:3      | Noticed Robin
  2186 | D:3      | Killed Robin
  2294 | D:3      | Found a faded altar of an unknown god.
  2302 | D:3      | Prayed at the altar of an unknown god.
  2302 | D:3      | Became a worshipper of Lugonu the Unformed
  2302 | D:3      | Reached * piety under Lugonu
  2368 | D:3      | Reached XP level 5. HP: 30/38 MP: 6/8
  2415 | D:3      | Found a shadowy altar of Dithmenos.
  2468 | D:3      | Found Dienicil's Antique Weapon Boutique.
  2650 | D:3      | Identified the +9 whip "Beastbane" {spect, Will++ MP+9
                  | Str+3}
  3110 | D:4      | Reached skill level 5 in Alchemy
  3197 | D:4      | Reached ** piety under Lugonu
  3198 | D:4      | Found a glowing drain.
  3207 | Sewer    | Entered a sewer
  3239 | Sewer    | Reached skill level 2 in Unarmed Combat
  3239 | Sewer    | Gained mutation: You have very sharp fingernails. [demonic
                  | ancestry]
  3239 | Sewer    | Reached XP level 6. HP: 25/46 MP: 9/9
  3676 | D:4      | Reached XP level 7. HP: 47/52 MP: 10/10
  3724 | D:4      | Found a stormy altar of Qazlal.
  3801 | D:4      | Reached skill level 3 in Unarmed Combat
  4151 | D:5      | Entered Level 5 of the Dungeon
  4152 | D:5      | Found a staircase to the Ecumenical Temple.
  4446 | D:5      | Reached *** piety under Lugonu
  4547 | D:5      | Reached skill level 1 in Invocations
  4887 | D:5      | Gained mutation: You have an unusually large brain. (Int
                  | +2) [demonic ancestry]
  4887 | D:5      | Reached XP level 8. HP: 47/61 MP: 11/11
  5341 | D:6      | Noticed Menkaure
  5465 | D:6      | Reached skill level 4 in Unarmed Combat
  5477 | D:6      | Found a runed translucent gate.
  5478 | D:6      | Found a runed translucent gate.
  5479 | D:6      | Found a runed translucent gate.
  5480 | D:6      | Noticed Taxman1966's ghost (novice MiFi)
  5587 | D:6      | Found a blossoming altar of Fedhas.
  5791 | D:6      | Found an ancient bone altar of Kikubaaqudgha.
  5994 | D:6      | Found an opulent altar of Gozag.
  6227 | D:6      | Killed Menkaure
  6228 | D:6      | Reached skill level 5 in Fighting
  6246 | D:6      | Learned a level 4 spell: Olgreb's Toxic Radiance
  6274 | D:7      | Reached skill level 9 in Unarmed Combat
  6274 | D:7      | Gained mutation: When hurt, damage is shared between your
                  | health and your magic reserves. [demonic ancestry]
  6274 | D:7      | Reached XP level 9. HP: 68/68 MP: 12/12
  6289 | D:7      | Found a hide-covered altar of Uskayaw.
  6304 | D:7      | Found Zin's Purification Station.
  6310 | D:7      | Bought a potion of curing for 90 gold pieces
  6315 | D:7      | Found a bloodstained altar of Trog.
  6437 | D:7      | Noticed PidgeyThePirate's ghost (novice DsCK)
  6438 | D:7      | Found a transporter.
  6441 | D:7      | Noticed a two-headed ogre
  7156 | D:7      | Reached XP level 10. HP: 67/74 MP: 13/13
  7214 | D:7      | Reached **** piety under Lugonu
  7216 | D:7      | Reached skill level 10 in Unarmed Combat
  7219 | D:7      | Reached skill level 5 in Dodging
  7238 | D:7      | Reached skill level 5 in Invocations
  7787 | D:8      | Found a broken altar of Ashenzari.
  8488 | D:9      | Reached ***** piety under Lugonu
  8682 | D:9      | Noticed Psyche
  8683 | D:9      | Banished Psyche
  8875 | D:9      | Noticed Gastronok
  8889 | D:9      | Killed Gastronok
  9263 | D:9      | Found a burning altar of Makhleb.
  9592 | D:10     | Entered Level 10 of the Dungeon
  9608 | D:10     | Reached XP level 11. HP: 79/81 MP: 17/17
 10131 | D:10     | Found an iron altar of Okawaru.
 10201 | D:10     | Found a staircase to the Lair.
 10250 | D:10     | Found Gunwenuc's Specialty Armours.
 10250 | D:10     | Noticed a centaur warrior
 10251 | D:10     | Banished a centaur warrior
 10778 | D:10     | HP: 2/81 [acid dragon/splash of acid (24)]
 10782 | D:10     | Killed from afar by an acid dragon

Illustrated notes

Levels and vault maps discovered:
D:1:      minmay_arrival_five_plusses, layout_loops_ring,
          hangedman_decor_slide_cut
D:2:      layout_basic
D:3:      layout_loops_cross, nicolae_overflow_crystal_walls,
          nicolae_dithmenos_the_darkroom, chequers_ecumenical_altar_simple,
          serial_shops, nicolae_shop_behind_doors, lightli_corner_chamber,
          uniq_robin
D:4:      corexii_shack_village, layout_basic, mainiacjoe_overflow_catwalk,
          portal_sewer_entry_d
D:5:      layout_basic, minmay_temple_entry_statues_fountains, st_stairs_11
D:6:      layout_loops_ring, nicolae_gozag_cash_rules_everything_around_me,
          mainiacjoe_overflow_surrounded_room, nicolae_overflow_hidden_temple,
          gammafunk_ghost_split, kennysheep_small_square, uniq_menkaure
D:7:      minmay_recursive_quarters, layout_loops_ring, zin_purify,
          mainiacjoe_overflow_brackets, amcnicky_altar_gilded,
          gammafunk_ghost_smash, minmay_misc_feat_square, dk_noncrumbling_4,
          grunt_ministairs_5
D:8:      layout_loops_ring, marbit_many_paths
D:9:      layout_gridville, mainiacjoe_overflow_small_starburst,
          kennysheep_generic_room_9, uniq_gastronok, uniq_psyche
D:10:     layout_roguey, lemuel_doored_altar, mainiacjoe_overflow_24_doors,
          lair_entry_dummy, serial_co_window_serial, co_window_of_opportunity_a,
          co_window_paths_a, co_window_paths_b, co_window_paths_b,
          co_window_paths_b, co_window_corner_a, co_window_cross_1,
          co_window_paths_a, co_window_paths_b, co_window_of_opportunity_b,
          co_window_corner_ca, co_window_broadway_c, co_window_paths_c,
          co_window_paths_c, co_window_4corner_b, nicolae_barding_shop

Skill      XL: |  1  2  3  4  5  6  7  8  9 10 11 |
---------------+----------------------------------+-----
Alchemy        | 4 5 6 9 |  9.4
Fighting       | 1 2 3 4 5 6 |  6.1
Unarmed Combat | 1 2 3 9 10 | 10.6
Dodging        | 2 3 4 5 6 |  6.2
Invocations    | 2 3 4 6 7 |  7.2
Spellcasting   | 4 |  4.6
Stealth        | |  1.7
Conjurations   | |  1.0

Action                     |  1- 3 |  4- 6 |  7- 9 | 10-12 || total
---------------------------+-------+-------+-------+-------++-------
  Melee: Unarmed           |     2 |       |     5 |    31 ||    38
         Dagger            |    51 |    54 |       |       ||   105
         War axe           |    21 |       |       |       ||    21
         Punch             |       |     2 |     7 |    11 ||    20
         Whip              |       |    66 |    95 |   135 ||   296
   Cast: Sting             |    56 |    71 |    46 |     2 ||   175
         Olgreb's Toxic Ra |       |       |       |    25 ||    25
 Invoke: Banish            |       |       |       |     2 ||     2
  Evoke: Wand              |       |       |     1 |     4 ||     5
    Use: Scroll            |       |     3 |     5 |    11 ||    19
         Potion            |       |       |     1 |     3 ||     4
   Stab: Sleeping          |     1 |     2 |     1 |     1 ||     5
         Distracted        |       |     1 |       |     2 ||     3
         Paralysed         |       |       |     3 |     2 ||     5
 Armour: Robe              |    25 |       |       |       ||    25
         Leather armour    |    13 |   105 |    69 |   136 ||   323
  Dodge: Dodged            |    72 |    86 |    52 |   112 ||   322

Table legend: (Time is in decaauts)
 A = Elapsed time spent in this place.
 B = Non-inter-level travel time spent in this place.
 C = Inter-level travel time spent in this place.
 D = Time resting spent in this place.
 E = Time spent auto-exploring this place.
 F = Levels seen in this place.
 G = Mean time per level.
                   A        B        C        D        E       F      G
               +--------+--------+--------+--------+--------+-----+--------+
         Total |  10836 |  10503 |    333 |    658 |   8152 |  11 |  985.1 |
       Dungeon |  10494 |  10161 |    333 |    561 |   8045 |  10 | 1049.4 |
         Sewer |    342 |    342 |      0 |     97 |    107 |   1 |  342.0 |
               +--------+--------+--------+--------+--------+-----+--------+

Top non-repeatable levels by time:
     D:5: 1306 daAuts
     D:7: 1217 daAuts
    D:10: 1195 daAuts
     D:9: 1153 daAuts
     D:2: 1112 daAuts
     D:1: 1000 daAuts
     D:8: 956 daAuts
     D:4: 904 daAuts
     D:3: 830 daAuts
     D:6: 817 daAuts
   Sewer: 342 daAuts
